General information
- name: BNet
- type: Ladder team game (AT/RT)
- host: Battle.net
- saver: Blahsmack
map: Monsoon
- players: 6
- length: 122:15
- speed: Fast
- version: 1.23 W3XP
- replay type: Public
» download(432 KB)
Players
team 1 (loser)

»
IndianHolyWater (
blue | 60 APM | 2469 actions | 41:16)
5 Archmage
3 Summon Water Elemental
2 Brilliance Aura
» actions
| Assign group hotkey | 45 | |
| Basic commands | 114 | |
| Build / train | 133 | |
| Enter build submenu | 47 | |
| Enter hero's abilities submenu | 5 | |
| Give item / drop item | 2 | |
| Remove unit from queue | 13 | |
| Right click | 1013 | |
| Select / deselect | 524 | |
| Select group hotkey | 482 | |
| Use ability | 91 | |
2469 total
» units
| Peasant | 25 | |
| Footman | 3 | |
| Siege Engine | 13 | |
| Spell Breaker | 7 | |
| Mortar Team | 2 | |
50 total
» upgrades
| Masonry | 1 | |
| Lumber Harvesting | 2 | |
| Gunpowder | 3 | |
| Plating | 3 | |
| Magic Sentry | 1 | |
| Priest Training | 1 | |
| Fragmentation Shards | 1 | |
12 total
» buildings
| Altar of Kings | 1 | |
| Farm | 12 | |
| Barracks | 1 | |
| Scout Tower | 13 | |
| Arcane Tower | 6 | |
| Lumber Mill | 2 | |
| Arcane Vault | 2 | |
| Guard Tower | 10 | |
| Keep | 3 | |
| Blacksmith | 2 | |
| Town Hall | 2 | |
| Castle | 2 | |
| Workshop | 6 | |
| Arcane Sanctum | 2 | |
64 total
» build order
00:10 Altar of Kings
00:30 Farm
00:34 Barracks
01:00 Farm
01:40 Scout Tower
01:55 Farm
02:10 Arcane Tower
02:10 Arcane Tower
02:50 Farm
03:06 Lumber Mill
03:09 Farm
03:11 Farm
03:42 Scout Tower
03:45 Scout Tower
03:55 Farm
04:00 Scout Tower
04:10 Arcane Vault
04:16 Arcane Vault
04:35 Guard Tower
05:07 Scout Tower
05:09 Scout Tower
05:17 Farm
05:29 Keep
05:29 Keep
05:51 Guard Tower
05:51 Guard Tower
06:10 Blacksmith
08:31 Town Hall
08:47 Castle
08:47 Castle
09:03 Lumber Mill
09:20 Workshop
09:25 Workshop
09:56 Guard Tower
09:58 Arcane Tower
09:58 Arcane Tower
10:21 Workshop
11:08 Blacksmith
12:34 Farm
12:35 Farm
12:40 Scout Tower
12:41 Scout Tower
12:44 Scout Tower
12:45 Scout Tower
12:47 Scout Tower
12:48 Scout Tower
12:49 Scout Tower
15:02 Farm
15:04 Farm
17:10 Guard Tower
17:10 Guard Tower
17:20 Workshop
17:29 Workshop
17:36 Workshop
18:30 Arcane Sanctum
18:38 Arcane Sanctum
37:08 Town Hall
» items
| Ivory Tower | 3 | |
| Scroll of Regeneration | 2 | |
| Lesser Clarity Potion | 1 | |
6 total

»
Mr.Muppet (
yellow | 41 APM | 5042 actions | 122:14)
9 Demon Hunter
3 Mana Burn
3 Evasion
1 Metamorphosis
2 Immolation
6 Naga Sea Witch
2 Frost Arrows
3 Forked Lightning
1 Tornado
4 Beastmaster
2 Summon Hawk
2 Summon Quilbeast
» actions
| Assign group hotkey | 70 | |
| Build / train | 177 | |
| Enter build submenu | 38 | |
| Enter hero's abilities submenu | 19 | |
| Give item / drop item | 6 | |
| Right click | 2808 | |
| Select / deselect | 625 | |
| Select group hotkey | 1027 | |
| Use ability | 271 | |
5042 total
» units
| Wisp | 42 | |
| Archer | 9 | |
| Hippogryph | 21 | |
| Ogre Magi | 1 | |
| Chimaera | 18 | |
| Glaive Thrower | 15 | |
106 total
» upgrades
| Ultravision | 1 | |
| Strength of the Wild | 2 | |
| Strength of the Moon | 2 | |
| Corrosive Breath | 1 | |
| Vorpal Blades | 1 | |
| Backpack | 1 | |
8 total
» buildings
| Altar of Elders | 1 | |
| Moon Well | 12 | |
| Ancient of War | 1 | |
| Hunter's Hall | 1 | |
| Tree of Ages | 2 | |
| Ancient of Wonders | 2 | |
| Ancient of Lore | 2 | |
| Ancient of Wind | 8 | |
| Tree of Eternity | 2 | |
| Chimaera Roost | 2 | |
| Tree of Life | 6 | |
39 total
» build order
00:15 Altar of Elders
00:23 Moon Well
00:38 Ancient of War
01:29 Moon Well
02:13 Moon Well
03:19 Hunter's Hall
04:45 Tree of Ages
04:50 Moon Well
05:00 Ancient of Wonders
07:08 Ancient of Lore
08:02 Ancient of Wind
08:39 Ancient of Wind
08:45 Ancient of Wind
09:00 Ancient of Wind
09:05 Ancient of Wind
09:14 Ancient of Wind
09:22 Ancient of Wind
09:29 Ancient of Wind
10:42 Tree of Eternity
10:54 Moon Well
13:56 Ancient of Lore
14:08 Ancient of Wonders
14:51 Chimaera Roost
14:59 Chimaera Roost
17:20 Moon Well
18:03 Moon Well
18:51 Tree of Life
21:33 Tree of Life
34:53 Tree of Life
34:59 Tree of Life
38:08 Tree of Life
38:13 Tree of Life
40:30 Tree of Ages
51:13 Moon Well
54:43 Moon Well
54:46 Moon Well
55:15 Moon Well
55:39 Moon Well
58:01 Tree of Eternity
» items
| Scroll of Town Portal | 15 | |
| Potion of Lesser Invulnerability | 9 | |
| Boots of Speed | 3 | |
| Orb of Venom | 1 | |
| Potion of Healing | 1 | |
| Scroll of Healing | 5 | |
| Scroll of Protection | 1 | |
35 total

»
TitanGod (
orange | 23 APM | 2621 actions | 113:48)
5 Blademaster
3 Wind Walk
2 Critical Strike
» actions
| Basic commands | 3 | |
| Build / train | 138 | |
| Enter build submenu | 46 | |
| Enter hero's abilities submenu | 5 | |
| Give item / drop item | 3 | |
| Remove unit from queue | 9 | |
| Right click | 1034 | |
| Select / deselect | 1305 | |
| Use ability | 76 | |
2621 total
» units
| Peon | 11 | |
| Troll Headhunter/Berserker | 61 | |
| Shaman | 15 | |
| Demolisher | 7 | |
| Troll Batrider | 4 | |
| Peasant | 1 | |
99 total
» upgrades
| Troll Regeneration | 1 | |
| Berserker Upgrade | 1 | |
| Shaman Training | 2 | |
| Reinforced Defenses | 1 | |
| Ranged Weapons | 3 | |
| Spiked Barricades | 3 | |
| Burning Oil | 1 | |
| Armor | 3 | |
| Liquid Fire | 1 | |
16 total
» buildings
| Orc Burrow | 8 | |
| Altar of Storms | 1 | |
| Barracks | 2 | |
| War Mill | 3 | |
| Stronghold | 1 | |
| Voodoo Lounge | 1 | |
| Fortress | 1 | |
| Watch Tower | 18 | |
| Spirit Lodge | 1 | |
| Great Hall | 1 | |
| Beastiary | 3 | |
40 total
» build order
00:08 Orc Burrow
00:14 Altar of Storms
00:21 Barracks
01:55 War Mill
03:51 Orc Burrow
04:43 Stronghold
04:50 Orc Burrow
05:05 Voodoo Lounge
05:56 Orc Burrow
08:49 Fortress
09:16 Barracks
09:59 Watch Tower
10:05 Watch Tower
10:10 Watch Tower
10:13 Watch Tower
11:03 Spirit Lodge
11:21 Watch Tower
13:24 Great Hall
18:10 Orc Burrow
18:18 Orc Burrow
19:22 Orc Burrow
20:19 Orc Burrow
20:25 Watch Tower
21:41 Watch Tower
21:45 Watch Tower
22:49 Watch Tower
22:57 Watch Tower
24:05 War Mill
24:10 War Mill
24:22 Watch Tower
24:54 Watch Tower
25:33 Watch Tower
26:44 Watch Tower
26:48 Watch Tower
29:09 Watch Tower
29:13 Watch Tower
38:57 Beastiary
39:04 Beastiary
39:09 Beastiary
39:16 Watch Tower
» items
| Healing Salve | 1 | |
| Potion of Healing | 2 | |
| Orb of Lightning | 1 | |
| Scroll of Town Portal | 1 | |
5 total
team 2 (winner)
fillwell (
purple | 54 APM | 1591 actions | 29:42)
5 Blademaster
3 Wind Walk
2 Critical Strike
» actions
| Basic commands | 11 | |
| Build / train | 49 | |
| Enter build submenu | 40 | |
| Enter hero's abilities submenu | 5 | |
| Give item / drop item | 8 | |
| Right click | 1116 | |
| Select / deselect | 214 | |
| Use ability | 148 | |
1591 total
» units
| Peon | 18 | |
| Troll Witch Doctor | 4 | |
22 total
» upgrades
| Reinforced Defenses | 1 | |
| Witch Doctor Training | 2 | |
3 total
» buildings
| Altar of Storms | 2 | |
| Orc Burrow | 2 | |
| War Mill | 1 | |
| Voodoo Lounge | 1 | |
| Watch Tower | 26 | |
| Stronghold | 1 | |
| Fortress | 2 | |
| Spirit Lodge | 1 | |
| Great Hall | 4 | |
40 total
» build order
00:22 Altar of Storms
00:36 Orc Burrow
00:52 War Mill
01:36 Voodoo Lounge
02:06 Watch Tower
02:23 Watch Tower
03:42 Stronghold
03:56 Watch Tower
04:03 Watch Tower
05:10 Watch Tower
06:07 Fortress
09:53 Spirit Lodge
09:55 Watch Tower
11:02 Watch Tower
11:17 Orc Burrow
12:30 Watch Tower
14:45 Watch Tower
15:14 Great Hall
15:22 Watch Tower
15:24 Watch Tower
15:31 Watch Tower
16:45 Watch Tower
16:49 Watch Tower
16:51 Watch Tower
18:51 Altar of Storms
22:03 Great Hall
22:07 Watch Tower
22:09 Watch Tower
22:11 Watch Tower
22:13 Watch Tower
24:09 Watch Tower
24:12 Watch Tower
24:15 Watch Tower
24:24 Great Hall
24:29 Watch Tower
25:02 Watch Tower
26:09 Watch Tower
26:13 Watch Tower
29:00 Great Hall
» items
| Boots of Speed | 1 | |
| Circlet of Nobility | 4 | |
| Healing Salve | 1 | |
| Lesser Clarity Potion | 7 | |
| Orb of Lightning | 1 | |
14 total

»
LeCorsaire (
green | 54 APM | 1560 actions | 29:07)
5 Blademaster
1 Wind Walk
3 Critical Strike
1 Mirror Image
3 Tauren Chieftain
2 War Stomp
1 Endurance Aura
» actions
| Assign group hotkey | 27 | |
| Build / train | 89 | |
| ESC pressed | 2 | |
| Enter build submenu | 33 | |
| Enter hero's abilities submenu | 9 | |
| Give item / drop item | 7 | |
| Right click | 477 | |
| Select / deselect | 254 | |
| Select group hotkey | 539 | |
| Use ability | 123 | |
1560 total
» units
| Peon | 11 | |
| Grunt | 4 | |
| Troll Witch Doctor | 3 | |
| Shaman | 3 | |
| Troll Headhunter/Berserker | 5 | |
| Wind Rider | 5 | |
31 total
» upgrades
| Pillage | 1 | |
| Berserker Strength | 1 | |
| Witch Doctor Training | 2 | |
| Shaman Training | 2 | |
| Berserker Upgrade | 1 | |
| Troll Regeneration | 1 | |
| Reinforced Defenses | 1 | |
| Ranged Weapons | 3 | |
| Armor | 2 | |
| Spiked Barricades | 1 | |
| Envenomed Spears | 1 | |
16 total
» buildings
| Altar of Storms | 1 | |
| Orc Burrow | 7 | |
| Voodoo Lounge | 1 | |
| Barracks | 2 | |
| Stronghold | 1 | |
| War Mill | 1 | |
| Great Hall | 3 | |
| Watch Tower | 8 | |
| Spirit Lodge | 2 | |
| Fortress | 1 | |
| Beastiary | 2 | |
29 total
» build order
00:19 Altar of Storms
00:23 Orc Burrow
00:36 Voodoo Lounge
01:20 Barracks
02:01 Orc Burrow
04:48 Stronghold
05:13 Orc Burrow
05:23 War Mill
08:04 Great Hall
08:07 Watch Tower
08:13 Spirit Lodge
08:17 Spirit Lodge
09:17 Watch Tower
09:45 Fortress
11:01 Watch Tower
12:17 Orc Burrow
12:28 Barracks
14:04 Orc Burrow
14:47 Watch Tower
14:53 Watch Tower
21:26 Great Hall
21:33 Watch Tower
21:36 Watch Tower
21:40 Watch Tower
21:57 Beastiary
22:01 Beastiary
22:40 Orc Burrow
23:17 Orc Burrow
24:43 Great Hall
» items
| Healing Salve | 3 | |
| Lesser Clarity Potion | 4 | |
| Boots of Speed | 1 | |
| Dust of Appearance | 1 | |
| Staff of Teleportation | 1 | |
| Scroll of Town Portal | 7 | |
| Orb of Lightning | 2 | |
| Scroll of Speed | 5 | |
| Potion of Healing | 3 | |
| Potion of Lesser Invulnerability | 1 | |
| Scroll of Protection | 1 | |
| Scroll of Healing | 1 | |
30 total
Blahsmack (
teal | 50 APM | 6117 actions | 122:15)
8 Archmage
3 Blizzard
3 Brilliance Aura
1 Mass Teleport
1 Summon Water Elemental
9 Dark Ranger
3 Black Arrow
3 Life Drain
1 Charm
2 Silence
9 Goblin Alchemist
3 Acid Bomb
3 Chemical Rage
1 Transmute
2 Healing Spray
6 Blademaster
2 Bladestorm
1 Critical Strike
2 Mirror Image
1 Wind Walk
2 Tauren Chieftain
2 Endurance Aura
» actions
| Basic commands | 304 | |
| Build / train | 366 | |
| ESC pressed | 1 | |
| Enter build submenu | 93 | |
| Enter hero's abilities submenu | 34 | |
| Give item / drop item | 9 | |
| Remove unit from queue | 3 | |
| Right click | 3175 | |
| Select / deselect | 1455 | |
| Use ability | 677 | |
6117 total
» units
| Peasant | 63 | |
| Dragonhawk Rider | 1 | |
| Gryphon Rider | 29 | |
| Sorceress | 2 | |
| Priest | 2 | |
| Wisp | 7 | |
104 total
» upgrades
| Masonry | 3 | |
| Swords | 3 | |
| Armor | 3 | |
| Lumber Harvesting | 2 | |
| Magic Sentry | 1 | |
| Animal War Training | 1 | |
| Cloud | 1 | |
| Storm Hammers | 1 | |
| Sorceress Training | 2 | |
| Priest Training | 2 | |
| Nature's Blessing | 1 | |
| Pillage | 1 | |
| Reinforced Defenses | 1 | |
| Well Spring | 1 | |
23 total
» buildings
| Scout Tower | 320 | |
| Lumber Mill | 15 | |
| Farm | 10 | |
| Altar of Kings | 1 | |
| Arcane Tower | 2 | |
| Guard Tower | 150 | |
| Arcane Vault | 1 | |
| Blacksmith | 1 | |
| Barracks | 1 | |
| Keep | 1 | |
| Town Hall | 5 | |
| Castle | 1 | |
| Arcane Sanctum | 1 | |
| Gryphon Aviary | 3 | |
| Watch Tower | 11 | |
| Great Hall | 2 | |
| Altar of Storms | 3 | |
| Orc Burrow | 3 | |
| Tree of Life | 1 | |
| Tree of Ages | 1 | |
| Stronghold | 1 | |
| War Mill | 1 | |
| Altar of Elders | 1 | |
| Hunter's Hall | 1 | |
| Tree of Eternity | 1 | |
| Fortress | 1 | |
| Workshop | 1 | |
| Cannon Tower | 1 | |
541 total
» build order
00:14 Scout Tower
00:17 Lumber Mill
00:23 Farm
00:31 Altar of Kings
00:44 Arcane Tower
01:31 Scout Tower
01:34 Scout Tower
01:50 Farm
02:15 Scout Tower
02:29 Scout Tower
02:31 Guard Tower
02:51 Guard Tower
02:51 Guard Tower
02:51 Guard Tower
02:54 Scout Tower
02:55 Scout Tower
02:55 Scout Tower
03:13 Guard Tower
03:30 Guard Tower
03:32 Arcane Vault
03:49 Scout Tower
03:51 Scout Tower
03:51 Scout Tower
03:52 Scout Tower
03:54 Scout Tower
04:00 Guard Tower
04:19 Scout Tower
04:20 Scout Tower
04:24 Guard Tower
04:37 Guard Tower
04:43 Blacksmith
04:46 Barracks
04:55 Guard Tower
04:55 Guard Tower
05:15 Guard Tower
05:18 Keep
05:28 Guard Tower
06:13 Guard Tower
06:13 Guard Tower
06:26 Town Hall
07:10 Scout Tower
07:12 Scout Tower
07:12 Scout Tower
07:13 Scout Tower
07:14 Scout Tower
07:17 Scout Tower
07:18 Scout Tower
07:19 Scout Tower
07:19 Scout Tower
07:20 Scout Tower
07:21 Scout Tower
07:25 Scout Tower
07:27 Scout Tower
07:39 Lumber Mill
07:47 Lumber Mill
08:47 Guard Tower
08:47 Guard Tower
08:47 Guard Tower
08:52 Guard Tower
08:52 Guard Tower
08:52 Guard Tower
08:56 Guard Tower
08:56 Guard Tower
08:56 Guard Tower
09:02 Guard Tower
09:02 Guard Tower
09:02 Guard Tower
09:07 Guard Tower
09:07 Guard Tower
09:07 Guard Tower
09:11 Scout Tower
09:26 Castle
09:31 Guard Tower
09:31 Guard Tower
09:31 Guard Tower
09:39 Guard Tower
09:39 Guard Tower
09:47 Guard Tower
09:55 Scout Tower
09:57 Scout Tower
09:58 Scout Tower
09:59 Scout Tower
10:00 Scout Tower
10:00 Scout Tower
10:01 Scout Tower
10:08 Guard Tower
10:54 Guard Tower
10:56 Scout Tower
11:11 Arcane Sanctum
11:15 Gryphon Aviary
11:16 Gryphon Aviary
11:32 Guard Tower
11:56 Scout Tower
11:57 Scout Tower
11:58 Scout Tower
12:00 Scout Tower
12:01 Scout Tower
12:02 Scout Tower
12:27 Guard Tower
12:29 Guard Tower
13:08 Guard Tower
13:09 Guard Tower
13:43 Farm
13:44 Farm
13:45 Farm
13:46 Farm
13:47 Farm
13:48 Farm
13:49 Farm
13:51 Farm
21:38 Scout Tower
21:39 Scout Tower
21:40 Scout Tower
21:41 Scout Tower
21:43 Scout Tower
21:44 Scout Tower
21:45 Scout Tower
21:49 Scout Tower
21:51 Scout Tower
21:52 Scout Tower
21:52 Scout Tower
21:53 Scout Tower
21:54 Scout Tower
21:55 Scout Tower
21:57 Scout Tower
21:57 Scout Tower
21:58 Scout Tower
22:01 Scout Tower
22:09 Scout Tower
22:10 Scout Tower
22:11 Scout Tower
22:12 Scout Tower
22:13 Scout Tower
22:23 Guard Tower
22:23 Guard Tower
22:33 Guard Tower
23:07 Scout Tower
23:07 Scout Tower
23:08 Scout Tower
23:10 Scout Tower
23:12 Scout Tower
23:13 Scout Tower
23:14 Scout Tower
23:15 Scout Tower
23:15 Scout Tower
23:16 Scout Tower
23:17 Scout Tower
23:18 Scout Tower
23:21 Guard Tower
23:21 Guard Tower
23:43 Guard Tower
23:43 Guard Tower
23:48 Scout Tower
23:53 Guard Tower
24:00 Guard Tower
24:29 Guard Tower
24:30 Guard Tower
24:40 Scout Tower
24:41 Scout Tower
24:42 Scout Tower
24:44 Scout Tower
24:45 Scout Tower
24:45 Scout Tower
25:50 Guard Tower
25:52 Guard Tower
26:44 Town Hall
26:47 Scout Tower
26:48 Scout Tower
26:49 Scout Tower
26:50 Scout Tower
26:51 Scout Tower
26:51 Scout Tower
26:53 Scout Tower
26:54 Scout Tower
26:55 Scout Tower
26:56 Scout Tower
26:56 Scout Tower
26:57 Scout Tower
27:00 Lumber Mill
27:22 Guard Tower
27:30 Guard Tower
27:49 Guard Tower
27:54 Guard Tower
28:10 Scout Tower
28:11 Scout Tower
28:13 Scout Tower
28:14 Scout Tower
28:14 Scout Tower
28:15 Scout Tower
28:52 Guard Tower
29:19 Guard Tower
29:26 Scout Tower
29:28 Scout Tower
29:28 Scout Tower
29:29 Scout Tower
29:30 Scout Tower
29:31 Scout Tower
30:28 Scout Tower
30:29 Scout Tower
30:30 Scout Tower
30:31 Scout Tower
30:31 Scout Tower
30:32 Scout Tower
30:57 Watch Tower
30:59 Watch Tower
31:00 Watch Tower
31:01 Watch Tower
31:03 Watch Tower
31:04 Watch Tower
31:08 Watch Tower
31:10 Watch Tower
31:11 Watch Tower
31:13 Watch Tower
31:14 Watch Tower
31:25 Guard Tower
31:43 Guard Tower
31:44 Guard Tower
32:19 Guard Tower
34:56 Guard Tower
35:54 Great Hall
37:42 Scout Tower
37:43 Scout Tower
37:44 Scout Tower
37:45 Scout Tower
37:46 Scout Tower
37:47 Scout Tower
37:47 Scout Tower
37:49 Scout Tower
37:50 Scout Tower
37:51 Scout Tower
37:52 Scout Tower
37:53 Scout Tower
37:53 Scout Tower
37:53 Scout Tower
38:32 Guard Tower
38:34 Guard Tower
38:34 Guard Tower
38:36 Guard Tower
39:29 Town Hall
39:38 Lumber Mill
40:44 Guard Tower
41:17 Guard Tower
42:30 Guard Tower
42:41 Scout Tower
42:42 Scout Tower
42:43 Scout Tower
42:44 Scout Tower
43:35 Guard Tower
43:38 Scout Tower
43:38 Scout Tower
43:40 Scout Tower
43:41 Scout Tower
43:42 Scout Tower
43:43 Scout Tower
43:44 Scout Tower
43:47 Scout Tower
43:48 Scout Tower
43:49 Scout Tower
43:50 Scout Tower
43:52 Scout Tower
43:52 Scout Tower
44:56 Town Hall
45:07 Altar of Storms
45:10 Orc Burrow
45:11 Orc Burrow
45:29 Guard Tower
45:32 Guard Tower
45:47 Scout Tower
45:49 Scout Tower
45:50 Scout Tower
50:09 Guard Tower
51:10 Scout Tower
51:12 Scout Tower
51:13 Scout Tower
51:17 Scout Tower
51:18 Scout Tower
51:18 Scout Tower
51:20 Scout Tower
51:21 Scout Tower
51:22 Scout Tower
51:23 Scout Tower
51:23 Scout Tower
51:24 Scout Tower
51:45 Guard Tower
52:26 Guard Tower
52:26 Guard Tower
52:37 Guard Tower
52:54 Guard Tower
52:54 Guard Tower
52:59 Scout Tower
53:02 Scout Tower
53:03 Scout Tower
53:04 Scout Tower
53:07 Scout Tower
53:08 Scout Tower
53:11 Guard Tower
53:11 Guard Tower
54:44 Guard Tower
54:55 Scout Tower
54:56 Scout Tower
54:57 Scout Tower
54:58 Scout Tower
54:58 Scout Tower
54:59 Scout Tower
55:00 Scout Tower
55:01 Scout Tower
55:02 Scout Tower
55:03 Scout Tower
55:03 Scout Tower
55:04 Scout Tower
55:06 Scout Tower
55:07 Scout Tower
55:11 Scout Tower
55:12 Scout Tower
55:17 Scout Tower
55:17 Scout Tower
55:18 Scout Tower
55:19 Scout Tower
55:20 Scout Tower
55:20 Scout Tower
55:22 Scout Tower
55:22 Scout Tower
55:23 Scout Tower
55:24 Scout Tower
55:25 Scout Tower
55:26 Scout Tower
55:28 Scout Tower
55:29 Scout Tower
55:29 Scout Tower
55:30 Scout Tower
55:32 Scout Tower
56:34 Guard Tower
57:50 Guard Tower
57:53 Scout Tower
57:54 Scout Tower
57:56 Scout Tower
57:57 Scout Tower
57:58 Scout Tower
58:00 Scout Tower
58:00 Scout Tower
58:02 Scout Tower
58:02 Scout Tower
58:05 Scout Tower
58:08 Scout Tower
58:10 Scout Tower
58:11 Scout Tower
58:12 Scout Tower
58:14 Scout Tower
58:14 Scout Tower
58:16 Scout Tower
58:17 Scout Tower
58:18 Scout Tower
58:19 Scout Tower
58:20 Scout Tower
58:21 Scout Tower
58:22 Scout Tower
58:23 Scout Tower
58:31 Guard Tower
58:52 Guard Tower
58:57 Lumber Mill
59:16 Guard Tower
59:57 Guard Tower
60:00 Guard Tower
60:32 Guard Tower
61:11 Guard Tower
64:07 Scout Tower
64:09 Scout Tower
64:09 Scout Tower
64:11 Scout Tower
64:12 Scout Tower
64:13 Scout Tower
64:14 Scout Tower
64:22 Scout Tower
64:23 Scout Tower
64:24 Scout Tower
64:25 Scout Tower
64:26 Scout Tower
64:28 Scout Tower
64:29 Scout Tower
64:31 Scout Tower
64:32 Scout Tower
65:14 Guard Tower
65:59 Guard Tower
67:22 Guard Tower
67:27 Guard Tower
67:27 Guard Tower
70:41 Gryphon Aviary
70:55 Guard Tower
70:55 Guard Tower
76:40 Town Hall
77:44 Lumber Mill
78:05 Altar of Storms
78:07 Orc Burrow
80:50 Guard Tower
82:35 Scout Tower
82:37 Scout Tower
82:38 Scout Tower
82:39 Scout Tower
82:40 Scout Tower
82:42 Scout Tower
82:47 Scout Tower
82:48 Scout Tower
82:49 Scout Tower
82:51 Scout Tower
82:52 Scout Tower
82:54 Scout Tower
82:57 Scout Tower
82:58 Scout Tower
83:05 Scout Tower
83:07 Scout Tower
83:08 Scout Tower
83:10 Scout Tower
83:12 Scout Tower
83:14 Scout Tower
83:18 Guard Tower
83:18 Guard Tower
83:27 Scout Tower
83:28 Scout Tower
83:31 Scout Tower
83:32 Scout Tower
83:34 Scout Tower
83:35 Scout Tower
83:37 Scout Tower
83:38 Scout Tower
83:41 Scout Tower
83:42 Scout Tower
83:43 Scout Tower
83:47 Guard Tower
85:07 Guard Tower
85:36 Guard Tower
85:37 Guard Tower
85:54 Guard Tower
85:55 Guard Tower
86:08 Lumber Mill
86:21 Guard Tower
86:21 Guard Tower
86:39 Lumber Mill
86:53 Guard Tower
86:57 Guard Tower
88:09 Tree of Life
88:59 Great Hall
90:16 Tree of Ages
91:30 Lumber Mill
92:02 Stronghold
93:39 War Mill
94:29 Altar of Elders
94:32 Hunter's Hall
95:07 Altar of Storms
95:25 Scout Tower
95:26 Scout Tower
95:27 Scout Tower
95:29 Scout Tower
95:30 Scout Tower
95:32 Scout Tower
95:48 Tree of Eternity
96:08 Fortress
96:17 Guard Tower
96:24 Guard Tower
96:26 Guard Tower
96:27 Guard Tower
96:46 Scout Tower
96:50 Scout Tower
96:54 Scout Tower
96:55 Scout Tower
96:56 Scout Tower
96:57 Scout Tower
96:59 Scout Tower
97:02 Scout Tower
97:04 Scout Tower
97:06 Scout Tower
97:08 Scout Tower
97:09 Scout Tower
97:47 Guard Tower
97:50 Guard Tower
98:10 Guard Tower
98:19 Scout Tower
98:26 Scout Tower
98:27 Scout Tower
98:28 Scout Tower
98:30 Scout Tower
98:32 Scout Tower
98:34 Scout Tower
98:35 Scout Tower
98:39 Scout Tower
98:40 Scout Tower
98:41 Scout Tower
98:45 Scout Tower
98:48 Scout Tower
98:49 Scout Tower
99:18 Guard Tower
99:18 Guard Tower
99:20 Guard Tower
99:30 Scout Tower
99:31 Scout Tower
99:32 Scout Tower
99:34 Scout Tower
99:35 Scout Tower
99:37 Scout Tower
99:40 Scout Tower
99:42 Scout Tower
99:44 Scout Tower
99:45 Scout Tower
99:53 Scout Tower
99:54 Scout Tower
99:55 Scout Tower
100:00 Guard Tower
100:37 Guard Tower
100:47 Guard Tower
100:59 Lumber Mill
101:05 Scout Tower
101:07 Guard Tower
101:08 Guard Tower
101:12 Lumber Mill
101:15 Lumber Mill
101:18 Lumber Mill
101:26 Lumber Mill
101:30 Scout Tower
101:36 Guard Tower
102:09 Guard Tower
102:14 Guard Tower
102:17 Guard Tower
102:17 Guard Tower
102:24 Scout Tower
103:26 Guard Tower
103:26 Guard Tower
103:26 Guard Tower
103:34 Guard Tower
106:14 Workshop
107:03 Scout Tower
107:48 Cannon Tower
» items
| Healing Salve | 1 | |
| Staff of Teleportation | 3 | |
| Scroll of Healing | 2 | |
| Orb of Lightning | 2 | |
| Potion of Healing | 9 | |
| Potion of Mana | 6 | |
| Staff of Sanctuary | 1 | |
| Scroll of Regeneration | 4 | |
| Scroll of Town Portal | 1 | |
| Lesser Clarity Potion | 1 | |
| Potion of Lesser Invulnerability | 4 | |
| Potion of Invisibility | 2 | |
| Boots of Speed | 2 | |
38 total
Chat log
(08:50 / Allies) LeCorsaire: units?
(09:01 / Allies) fillwell: make towers
(09:12 / Allies) LeCorsaire: u new?
(09:18 / Allies) fillwell: make some towers in the base
(09:22 / Allies) fillwell: no
(09:29 / Allies) fillwell: i am serios
(11:15 / Allies) LeCorsaire: why u have no units?
(11:35 / Allies) fillwell: i tell you make some towers in the main base
(11:47 / Allies) LeCorsaire: if u not playing I will quit
(11:55 / Allies) fillwell: i playing
(12:03 / Allies) LeCorsaire: with what?
(12:05 / Allies) fillwell: i have plan
(12:54 / Allies) fillwell: make towers
(15:11 / Allies) LeCorsaire: lumber me
(17:01 / All) Mr.Muppet: our opponents are tower masters
(18:58 / All) Mr.Muppet: lol
(19:20 / All) Mr.Muppet: human more towers
(23:57 / Allies) LeCorsaire: purple u r an idiot
(24:17 / Allies) LeCorsaire: u have a mother fucking plan
(24:20 / All) Mr.Muppet: gold?
(28:08 / All) LeCorsaire: gg
(28:15 / All) LeCorsaire: I got 2 moron on the team
(28:27 / All) LeCorsaire: purple and teal had no units entire game
(28:38 / All) LeCorsaire: and the fucking morons told me they have a plan
(28:59 / All) LeCorsaire: purple go tell ur mom she had a moron child
(29:04 / All) LeCorsaire: and fuck her for me
(39:47 / All) TitanGod: leave plz?
(40:26 / All) TitanGod: bats time!
(52:45 / All) TitanGod: gg
(52:48 / All) Blahsmack: idiots
(52:54 / All) TitanGod: hw?
(54:14 / All) TitanGod: u have 4 all highers then ours
(56:21 / All) Blahsmack: LOL
(56:38 / All) Mr.Muppet: no u must stand in your base
(56:39 / All) TitanGod: omg
(56:42 / All) TitanGod: really
(56:53 / All) TitanGod: teal
(56:59 / All) Blahsmack: LOL
(57:00 / All) Mr.Muppet: more towers and go inside base
(57:01 / All) TitanGod: those towers r so annoying
(57:14 / All) Blahsmack: dont play warcraft three then
(58:07 / All) TitanGod: i have a useless army
(58:14 / All) TitanGod: u know
(58:18 / All) TitanGod: purple sucked
(58:33 / All) TitanGod: green was ur main attacker with out him u lose
(59:01 / All) TitanGod: and
(59:04 / All) TitanGod: those towers
(59:07 / All) TitanGod: r like OMFG
(59:26 / All) TitanGod: wen will u move ur heros
(59:31 / All) Blahsmack: LOL
(59:36 / All) Blahsmack: orange i havent seen ur heroes
(59:41 / All) Blahsmack: yellows the only one fighting me
(59:57 / All) TitanGod: im thinking
(60:02 / All) Mr.Muppet: he making towers and sitting inside
(60:04 / All) Blahsmack: dont hurt yourself now
(60:13 / All) TitanGod: yello
(60:18 / All) TitanGod: im done with the towers
(60:38 / All) Mr.Muppet: need money again?
(60:53 / All) Mr.Muppet: ty god
(63:19 / All) Mr.Muppet: u so big noob
(63:57 / All) Mr.Muppet: what are u doing?
(64:14 / All) TitanGod: omg
(64:18 / All) TitanGod: u didnt help
(64:27 / All) TitanGod: ur chims werent at back
(64:53 / All) TitanGod: ur chims can kil the towers
(64:57 / All) TitanGod: they attk farther
(65:24 / All) TitanGod: attk with eh chims
(66:35 / All) TitanGod: happy
(66:39 / All) Blahsmack: LOL
(68:55 / All) TitanGod: the final battle
(69:57 / All) TitanGod: USE UR CHIMS TO KILL TOWERS!
(70:10 / All) TitanGod: they attk farther
(70:15 / All) TitanGod: lemme control
(74:06 / All) TitanGod: ...
(74:08 / All) TitanGod: omfg
(74:23 / All) TitanGod: teal
(74:27 / All) TitanGod: u never gonna win
(74:30 / All) Blahsmack: umm
(74:33 / All) Blahsmack: lol
(74:41 / All) Blahsmack: youve never played tower cratf before?
(74:44 / All) Blahsmack: oh noob
(74:47 / All) Blahsmack: silly noob
(74:53 / All) TitanGod: lol
(74:59 / All) TitanGod: well no one ever did it
(75:44 / All) TitanGod: okay
(75:49 / All) TitanGod: now u have to atkt
(75:53 / All) Blahsmack: no"
(75:55 / All) TitanGod: attack
(75:57 / All) Blahsmack: i dont have to do shit
(75:59 / All) TitanGod: then wat
(76:09 / All) TitanGod: u thuunk ima leave
(76:24 / All) Blahsmack: who said i wnated you to leave
(76:35 / All) TitanGod: wat r u gonna do tgen
(76:47 / All) Blahsmack: tower the whole fucking universe
(76:57 / All) TitanGod: really?
(77:05 / All) TitanGod: u have the money?
(77:06 / All) Blahsmack: yea really
(77:08 / All) Blahsmack: yea
(77:15 / All) Blahsmack: 10k in da bank
(77:21 / All) Blahsmack: im richer than the banksters
(77:22 / All) TitanGod: o.0
(77:33 / All) TitanGod: sowen u gonna start?
(77:38 / All) Blahsmack: donald trump and fukken billgates aint got shit on me
(77:57 / All) TitanGod: and jimmy buffet?
(78:46 / All) TitanGod: i need god..
(78:49 / All) TitanGod: gold
(78:58 / All) Blahsmack: LOL
(79:11 / All) Blahsmack: you know why rich people keep poor people alive?
(79:18 / All) Blahsmack: becuase its fun to watch them squirm
(79:27 / All) Blahsmack: its fun to watch them beg
(79:39 / All) TitanGod: hmm
(79:40 / All) TitanGod: cool
(80:00 / All) TitanGod: like ur hiery
(80:04 / All) TitanGod: thiery
(80:52 / All) TitanGod: omg
(81:01 / All) TitanGod: wen r u gonna di it?!!?!??
(81:51 / All) TitanGod: now
(83:54 / All) TitanGod: mother u gona do something?
(85:41 / All) TitanGod: attk with towers
(85:45 / All) TitanGod: can u kill my base?
(87:02 / All) TitanGod: teal
(87:10 / All) Blahsmack: what faggot
(87:12 / All) TitanGod: teal
(87:16 / All) TitanGod: LEAVE
(87:19 / All) Blahsmack: LOL
(87:33 / All) TitanGod: attk me with the towers
(87:39 / All) Blahsmack: i will
(87:44 / All) TitanGod: wen
(87:45 / All) Blahsmack: slowly getting there
(87:52 / All) TitanGod: were r u know
(88:20 / All) TitanGod: just build in front
(88:58 / All) TitanGod: wtf
(89:04 / All) Blahsmack: its called charm
(89:05 / All) TitanGod: u hit it in 1 hit
(89:08 / All) TitanGod: oh
(89:08 / All) Blahsmack: you fucking noob
(89:14 / All) TitanGod: im not noob
(89:19 / All) Blahsmack: yea you are
(89:39 / All) TitanGod: dude we killed 2 of ur allies and ur level 22 18 12
(89:44 / All) Blahsmack: they didnt tower
(89:51 / All) TitanGod: i no
(90:00 / All) Blahsmack: first rule of towering if youre losing you probably didnt build enough towers
(90:25 / All) TitanGod: now ur building an orc base eh?
(90:31 / All) Blahsmack: and elf
(90:33 / All) Blahsmack: :)
(90:37 / All) TitanGod: were.
(90:42 / All) Blahsmack: next tot orc
(90:49 / All) TitanGod: weres orc
(90:54 / All) TitanGod: ?
(90:55 / All) Blahsmack: my main
(91:00 / All) TitanGod: omg
(91:23 / All) TitanGod: yellos afk
(91:31 / All) Blahsmack: that noob
(92:25 / All) TitanGod: ur gona ne tower?
(92:55 / All) TitanGod: hw many wins u got?
(93:39 / All) TitanGod: i wixh i can trade wood for gold
(93:47 / All) Blahsmack: LOL
(94:15 / All) TitanGod: yello has 23k wood
(94:24 / All) TitanGod: i gave gim most
(94:38 / All) TitanGod: ATTK ME
(94:43 / All) TitanGod: i have no army
(94:46 / All) TitanGod: u can check
(94:57 / All) Blahsmack: oh im sure
(95:08 / All) TitanGod: only have 12 watc towers
(95:11 / All) TitanGod: up front
(95:20 / All) TitanGod: and 6 back
(96:00 / All) TitanGod: send any one 2 check
(96:20 / All) TitanGod: reallt
(96:22 / All) TitanGod: y
(96:31 / All) TitanGod: do it
(96:32 / All) TitanGod: NOW
(96:35 / All) TitanGod: lol
(97:00 / All) TitanGod: send ur taurne
(97:13 / All) TitanGod: i dont have a single head or sham
(97:17 / All) TitanGod: my pops 15
(97:24 / All) TitanGod: and thats peons
(98:13 / All) TitanGod: omg cmon
(98:35 / All) TitanGod: yello is afk
(98:51 / All) TitanGod: attk me
(98:57 / All) TitanGod: i have 0 pop
(99:02 / All) TitanGod: 40 wood
(99:03 / All) TitanGod: 0 gold
(99:16 / All) TitanGod: 3 beastiary
(99:22 / All) TitanGod: 3 war milkls
(99:25 / All) TitanGod: 2 barracks
(99:31 / All) TitanGod: 10 burrows
(99:38 / All) TitanGod: 1 shaman lodge
(99:47 / All) TitanGod: 1 altar
(99:53 / All) TitanGod: 1 voodo lounge
(100:18 / All) TitanGod: level 3 everything exept for meele
(100:25 / All) TitanGod: see
(100:48 / All) TitanGod: atack?
(101:13 / All) TitanGod: hw many wins u have
(102:25 / All) TitanGod: ffs attck with heros
(102:54 / All) TitanGod: omg
(107:26 / All) TitanGod: wow
(107:34 / All) TitanGod: i was afk
(107:40 / All) TitanGod: and u attk now?
(108:04 / All) TitanGod: dude that was mydefr
(108:36 / All) TitanGod: no ones in
(108:58 / All) TitanGod: urfunny
(109:36 / All) TitanGod: ur army?
(109:50 / All) TitanGod: is that scary
(110:55 / All) TitanGod: lumber mills?
(111:34 / All) TitanGod: wow
(111:38 / All) TitanGod: u wierd